AoeStats
← T@n0 Loc0-!

Arena

509526684Analyzed
4v4 RM · 5d ago on Sep 27, 2026· 34m 23s· 8 players
Game mode
Random Map
Map size
Large (8 player)
Population
200
Speed
Normal
Resources
Standard
Victory
Conquest
Starting age
Dark Age
Ending age
Imperial Age
RankedLock teamsTeams togetherTeam positionsShared explorationLock speedFull tech treeHidden civsTurbo modeCheats
Victory
Defeat
1148
+10
🇲🇽 Armenians · Mexico
1128
+11
🇲🇽 Persians · Mexico
1107
+12
🇪🇸 Bengalis · Spain
947
+19
🇦🇷 Hindustanis · Argentina
1037
-14
🇨🇳 Mongols · China
1037
-14
🇺🇸 Turks · United States
1016
-13
🇺🇸 Bohemians · United States
974
-11
MANMOOSE
4:44 Loom
11:26 Feudal Age
12:03 Double-Bit Axe
13:49 Wheelbarrow
13:52 Horse Collar
19:39 Castle Age
20:55 Hand Cart
20:52 Bow Saw
20:44 Heavy Plow
21:55 Town Watch
22:37 Pikeman
23:18 Squires
32:53 Imperial Age
HectorSquash24
12:11 Feudal Age
13:02 Double-Bit Axe
17:20 Castle Age
15:17 Horse Collar
22:01 Imperial Age
20:53 Bow Saw
21:03 Heavy Plow
24:53 Husbandry
28:26 Heavy Camel Rider
29:17 Bloodlines
T@n0 Loc0-!
11:06 Feudal Age
11:38 Double-Bit Axe
11:35 Horse Collar
13:51 Loom
17:30 Castle Age
21:22 Gold Mining
22:17 Heavy Plow
25:13 Imperial Age
23:36 Town Watch
25:32 Wheelbarrow
26:21 Town Patrol
28:51 Shatagni
29:11 Conscription
30:09 Chemistry
29:12 Padded Archer Armor
29:18 Husbandry
30:12 Heavy Camel Rider
panda
10:38 Feudal Age
14:38 Castle Age
12:39 Double-Bit Axe
12:37 Horse Collar
20:18 Loom
25:26 Fletching
26:20 Gold Mining
30:27 Imperial Age
28:19 Bloodlines
28:16 Heavy Plow
29:16 Wheelbarrow
28:45 Husbandry
29:10 Scale Barding Armor
30:23 Hand Cart
29:54 Town Watch
30:53 Bow Saw
31:16 Elite Steppe Lancer
33:55 Conscription
rubenciego
5:49 Loom
11:19 Feudal Age
15:09 Castle Age
15:43 Double-Bit Axe
15:41 Horse Collar
17:05 Bow Saw
21:08 Scale Mail Armor
23:12 Chain Mail Armor
24:42 Forging
26:12 Iron Casting
26:50 Wheelbarrow
26:50 Gambesons
27:57 Squires
27:43 Arson
29:14 Hand Cart
34:11 Imperial Age
31:29 Town Watch
33:03 Gold Mining
33:04 Stone Mining
33:17 Heavy Plow
34:43 Gold Shaft Mining
GAMOX | x5gantai
11:17 Feudal Age
16:49 Castle Age
14:44 Loom
16:04 Scale Barding Armor
16:54 Double-Bit Axe
16:52 Horse Collar
17:42 Forging
19:35 Bloodlines
22:18 Husbandry
24:39 Fletching
25:57 Wheelbarrow
27:32 Heavy Plow
27:44 Bow Saw
28:55 Town Watch
29:35 Chain Barding Armor
29:43 Hand Cart
30:36 Gold Mining
31:24 Iron Casting
30:42 Stone Mining
31:01 Town Patrol
31:37 Ballistics
32:52 Masonry
34:02 Gold Shaft Mining
投降输一半 行不行?
10:49 Feudal Age
11:46 Double-Bit Axe
14:40 Castle Age
12:32 Horse Collar
12:58 Gold Mining
19:22 Loom
20:47 Scale Mail Armor
22:21 Forging
23:03 Squires
23:25 Chain Mail Armor
24:19 Wheelbarrow
24:27 Fletching
26:34 Bodkin Arrow
28:02 Husbandry
33:02 Imperial Age
30:47 Bow Saw
32:02 Heavy Plow
33:12 Hand Cart
32:43 Town Watch
33:55 Ballistics
33:48 Bracer
34:51 Chemistry
35:29 Gold Shaft Mining
JR | jromano
11:06 Feudal Age
14:46 Castle Age
12:30 Horse Collar
14:22 Double-Bit Axe
16:09 Heavy Plow
22:08 Loom
24:21 Wheelbarrow
24:28 Bow Saw
25:17 Hand Cart
25:24 Gold Mining
25:25 Stone Mining
27:28 Gold Shaft Mining
27:29 Stone Shaft Mining
30:15 Imperial Age
27:31 Town Watch
29:43 Scale Barding Armor
29:49 Forging
29:30 Fletching
30:13 Husbandry
30:24 Bloodlines
30:53 Chain Barding Armor
30:31 Cavalier
30:32 Light Cavalry
33:41 Chemistry
33:01 Ballistics
34:11 Two-Man Saw
Connection lost

Rejoining the realm…

Still unreachable

The connection could not be restored.

Session expired

The server has moved on; the page needs a fresh start.